 Dungeon Crawl Stone Soup version 0.27-a0-681-g0c81a3c1c3 (webtiles) character file.

Game seed: 6962055373849436873

22 Lanoc the Skirmisher (level 2, 0/25 HPs)
             Began as a Barachi Abyssal Knight on Mar 20, 2021.
             Was a Follower of Lugonu.
             Succumbed to an adder's poison
             ... on level 2 of the Dungeon.
             The game lasted 00:01:32 (520 turns).

Lanoc the Skirmisher (Barachi Abyssal Knight)        Turns: 520, Time: 00:01:33

Health: 0/25       AC:  3    Str: 13    XL:     2   Next: 91%
Magic:  3/3        EV: 11    Int: 12    God:    Lugonu [*.....]
Gold:   42         SH:  0    Dex: 11    Spells: 1/1 levels left

rFire    + . .     SeeInvis .   a - +1 spear
rCold    . . .     Faith    .   (no shield)
rNeg     . . .     Spirit   .   b - +0 leather armour
rPois    .         Reflect  .   (no helmet)
rElec    .         Harm     .   (no cloak)
rCorr    .         Rampage  .   (no gloves)
Will     .....                  (no boots)
Stlth    +.........             (no amulet)
HPRegen  0.08/turn              c - ring of protection from fire
MPRegen  0.08/turn              (no ring)

@: lethally poisoned (0 -> -1), can't hop, hasted, quick
A: +LOS, amphibious, slowness 1, strong legs 1
a: Hop, Renounce Religion, Depart the Abyss


You were on level 2 of the Dungeon.
You worshipped Lugonu.
Lugonu was aware of your devotion.
You visited 1 branch of the dungeon, and saw 2 of its levels.
You visited the Abyss 1 time.

You collected 42 gold pieces.

Inventory:

Hand Weapons
 a - a +1 spear (weapon)
Armour
 b - a +0 leather armour (worn)
Jewellery
 c - a ring of protection from fire (right hand)


   Skills:
 + Level 3.9 Fighting
 * Level 2.5 Polearms
 + Level 2.7 Armour
 + Level 1.5 Dodging
 + Level 1.8 Invocations


You had one spell level left.
You didn't know any spells.
Your spell library was empty.

Dungeon Overview and Level Annotations

Branches:
Dungeon (2/15)

Altars:


Innate Abilities, Weirdness & Mutations

You can be seen from farther away. (+LOS)
You are amphibious.
You cover ground slowly.
You can hop short distances.


Message History

* * * LOW HITPOINT WARNING * * *
You feel sick. The bat barely misses you.
A rat comes into view.
The bat closely misses you.
You hit the bat.
You kill the bat!
Lugonu accepts your kill.
* * * LOW HITPOINT WARNING * * *
You feel sick.
A worm comes into view.
Found a scroll labelled JUL BORCHUTZO.
Reach: a) +1 spear
Press: ? - help, Dir - move target, f - rat
Aim: a rat (about 38% to evade your +1 spear)
You reach to attack!
Your leather armour prevents you from hitting the rat.
You hit the rat.
You kill the rat!
Lugonu accepts your kill.
* * * LOW HITPOINT WARNING * * *
You feel sick.
You aren't carrying any scrolls.
* * * LOW HITPOINT WARNING * * *
You feel sick.
Found 14 gold pieces.
Hop to where?
Press: ? - help, Dir - move target Boing!
Found 22 stones, a club and a scroll labelled GEUDIE GOOVOS.
You see here 14 gold pieces.
* * * LOW HITPOINT WARNING * * *
You feel sick.
You see here a scroll labelled GEUDIE GOOVOS.
As you read the scroll labelled GEUDIE GOOVOS, it crumbles to dust.
The scroll dissolves into smoke.
It was a scroll of fog.
You see here 22 stones.
You see here a scroll labelled JUL BORCHUTZO.
As you read the scroll labelled JUL BORCHUTZO, it crumbles to dust.
You feel aware of your surroundings.
It was a scroll of magic mapping.
You die...

,,*#######...........# *,*,,,*
,,****** #..†........# *,*,,,,
,,,,,,,###...........#####*,**,,,
,,,,,,,#..................,<,+,,,
,,,,,,,#.#<...............#,**,,,
,,,,,,...#........#§##....#,*,,,,
,****##.,#......###§§#,,..+,*,,,,
,,* #.,#......#§§§§##...#**,,,,
*,* #,,##+####@§§§§.....#,*,,,,
*,* *,,*#.....##§§§§#.#.#,,,,,,
,,* *,,*#.....,#§§###,..*,*,***
,,* *,,*#.....,##.#,,,,.#,*,*
,,*****,,*#.....,,.#.,*,*,#,*,*
,,+,,,,,,*#.....,##*#.*,*,*,*,*
,,*****,,*#.....,*,,,.#,*,*,*,*
,,**,,,,,*#.....,,,,,,#,*,*,*,*
,,+,,,,,,*######,*,,,,,,*,*,*,*


There were no monsters in sight!

Vanquished Creatures
  An adder (D:2)
  A leopard gecko (D:1)
  2 bats
  2 goblins
  2 hobgoblins (D:1)
  A ball python (D:1)
  A frilled lizard (D:2)
  2 rats
12 creatures vanquished.

Notes
Turn   | Place    | Note
-------+----------+-------------------------------------------
     0 | Abyss:1  | Lanoc the Barachi Abyssal Knight began the quest for the
                  | Orb.
     0 | Abyss:1  | Reached XP level 1. HP: 18/18 MP: 2/2
    39 | Abyss:1  | Noticed a raiju
    44 | D:1      | Escaped the Abyss
   127 | D:1      | Reached XP level 2. HP: 6/25 MP: 3/3
   489 | D:2      | Reached * piety under Lugonu
   510 | D:2      | HP: 1/25 [poisoned by an adder]
   515 | D:2      | HP: 1/25 [poisoned by an adder]
   520 | D:2      | Succumbed to an adder's poison

Illustrated notes

Levels and vault maps discovered:
D:1:      roderic_chinese_lattice_arrival, layout_loops_ring,
          minmay_misc_feat_doors, minmay_misc_feat_five
D:2:      layout_basic, minmay_pentomino_z4

Action                   || total
-------------------------++-------
Melee: Spear             ||    43
Invok: Depart the Abyss  ||     1
 Abil: Hop               ||     1
  Use: Scroll            ||     2
       Potion            ||     1
Armor: Leather armour    ||     8
Dodge: Dodged            ||    32

Table legend: (Time is in decaauts)
 A = Elapsed time spent in this place.
 B = Non-inter-level travel time spent in this place.
 C = Inter-level travel time spent in this place.
 D = Time resting spent in this place.
 E = Time spent auto-exploring this place.
 F = Levels seen in this place.
 G = Mean time per level.
                   A        B        C        D        E       F      G
               +--------+--------+--------+--------+--------+-----+--------+
         Total |    550 |    537 |     13 |      0 |    407 |   3 |  183.3 |
       Dungeon |    499 |    486 |     13 |      0 |    400 |   2 |  249.5 |
         Abyss |     51 |     51 |      0 |      0 |      7 |   1 |   51.0 |
               +--------+--------+--------+--------+--------+-----+--------+

Top non-repeatable levels by time:
     D:1: 454 daAuts
 Abyss:1: 51 daAuts
     D:2: 45 daAuts
